 Dungeon Crawl Stone Soup version 0.26-a0-852-g6321bf7485 (webtiles) character file.

Game seed: 4933885601379854695

185 dolemite99 the Shooter (level 5, -1/42 HPs)
             Began as a Minotaur Hunter on Nov 22, 2020.
             Slain by Grinder (2 damage)
             ... on level 3 of the Dungeon.
             The game lasted 00:03:12 (2362 turns).

dolemite99 the Shooter (Minotaur Hunter)            Turns: 2362, Time: 00:03:13

Health: -1/42      AC:  7    Str: 17    XL:     5   Next: 37%
Magic:  4/4        EV: 10    Int:  8    God:
Gold:   108        SH:  0    Dex: 11    Spells: 4/4 levels left

rFire    . . .     SeeInvis +   a - +1 shortbow
rCold    . . .     Faith    .   (shield currently unavailable)
rNeg     . . .     Spirit   .   n - +0 scale mail
rPois    .         Reflect  .   (helmet restricted)
rElec    .         Harm     .   (no cloak)
rCorr    .         Rampage  .   f - +0 pair of gloves
MR       .....                  (no boots)
Stlth    ..........             (no amulet)
HPRegen  0.14/turn              w - ring of see invisible
MPRegen  0.09/turn              (no ring)

@: no status effects
A: retaliatory headbutt, horns 2
a: no special abilities


You were on level 3 of the Dungeon.
You visited 1 branch of the dungeon, and saw 3 of its levels.

You collected 108 gold pieces.

Inventory:

Hand Weapons
 a - a +1 shortbow (weapon)
 b - a +0 short sword
Missiles
 e - 57 stones (quivered)
 j - 20 poisoned darts
 o - 29 bolts
Armour
 f - a +0 pair of gloves (worn)
 n - a +0 scale mail (worn)
 v - a scarf of repulsion
Jewellery
 u - a +4 ring of protection {unknown}
 w - a ring of see invisible (left hand)
Scrolls
 c - 2 scrolls of immolation {unknown}
 g - 2 scrolls of blinking
 p - a scroll of fog {unknown}
 q - a scroll of remove curse {unknown}
 s - 2 scrolls of identify {unknown}
 x - a scroll of teleportation {unknown}
Potions
 h - 3 potions of curing
 i - a potion of brilliance {unknown}
 l - a potion of lignification {unknown}
 m - a potion of heal wounds {unknown}
 r - a potion of ambrosia {unknown}
 t - a potion of magic {unknown}


   Skills:
 - Level 2.4 Fighting
 + Level 7.4 Bows
 - Level 2.1 Dodging
 - Level 0.7 Stealth


You had 4 spell levels left.
You didn't know any spells.
Your spell library was empty.

Dungeon Overview and Level Annotations

Branches:
Dungeon (3/15)

Altars:

Annotations:
D:3 Grinder


Innate Abilities, Weirdness & Mutations

You reflexively headbutt those who attack you in melee.
You have a pair of horns on your head.


Message History

You aren't carrying any items that you can evoke.
Okay, then.
It was a potion of curing.
You feel better. Grinder hits you.
* * * LOW HITPOINT WARNING * * *
You writhe in agony.
* * * LOW HITPOINT WARNING * * *
Throwing (i - inventory. (/) - cycle)
e - 58 stones (quivered)
Press: ? - help, Shift-Dir - straight line, f/p - Grinder
Aim: Grinder (severely wounded)
You throw a stone.
The stone hits Grinder but does no damage.
Grinder is severely wounded.
Grinder says, "FISH!"
Grinder gestures at you. Pain shoots through your body!
* * * LOW HITPOINT WARNING * * *
It was a potion of cancellation.
You feel magically purged. Grinder hits you.
* * * LOW HITPOINT WARNING * * *
You writhe in agony.
You die...

#(.(....... #..........
#####(......(..
#.....(........
#......(...(......
#.................
#......().........
#......@# ...... ...
......(5####...... .....
#....(((.......... .....
....((..(........# .....
.#.#.............# .
#..####.#...####.########
.##.......#...####........
..........................
..........................


You could see Grinder.

Vanquished Creatures
  Natasha (twice) (D:2)
  8 adders
  An ooze (D:2)
  3 worms
  2 leopard geckos (D:3)
  3 giant cockroaches
  4 goblins
  5 hobgoblins
  6 jackals
  A quokka (D:2)
  7 bats
  A frilled lizard (D:2)
  7 kobolds
  4 rats
54 creatures vanquished.

Notes
Turn   | Place    | Note
-------+----------+-------------------------------------------
     0 | D:1      | dolemite99 the Minotaur Hunter began the quest for the Orb.
     0 | D:1      | Reached XP level 1. HP: 18/18 MP: 0/0
   455 | D:2      | Reached XP level 2. HP: 25/25 MP: 1/1
   499 | D:2      | Reached skill level 5 in Bows
   600 | D:2      | Reached XP level 3. HP: 30/30 MP: 2/2
   793 | D:2      | Reached skill level 6 in Bows
  1330 | D:2      | Noticed Natasha
  1333 | D:2      | Killed Natasha
  1334 | D:2      | Reached XP level 4. HP: 34/37 MP: 3/3
  1563 | D:2      | Noticed Natasha
  1576 | D:2      | Killed Natasha
  1577 | D:2      | Reached skill level 7 in Bows
  1577 | D:2      | Reached XP level 5. HP: 36/42 MP: 4/4
  2336 | D:3      | Noticed Grinder
  2362 | D:3      | HP: 1/42 [Grinder (4)]
  2362 | D:3      | Slain by Grinder

Illustrated notes

Levels and vault maps discovered:
D:1:      minmay_arrival_stair_chambers, layout_rooms
D:2:      layout_loops_corners, uniq_natasha
D:3:      layout_basic, minmay_misc_feat_nine_boxes, uniq_grinder

Skill      XL: |  1  2  3  4 |
---------------+-------------+-----
Bows           | 5 6 7 |  7.4
Fighting       | |  2.4
Dodging        | |  2.1
Stealth        | |  0.7

Action                   |  1- 3 |  4- 6 || total
-------------------------+-------+-------++-------
 Fire: Shortbow          |    68 |    95 ||   163
Throw: Stone             |       |     8 ||     8
  Use: Potion            |       |     2 ||     2
       Scroll            |       |     1 ||     1
Armor: Scale mail        |     6 |    16 ||    22
Dodge: Dodged            |    13 |    30 ||    43

Table legend: (Time is in decaauts)
 A = Elapsed time spent in this place.
 B = Non-inter-level travel time spent in this place.
 C = Inter-level travel time spent in this place.
 D = Time resting spent in this place.
 E = Time spent auto-exploring this place.
 F = Levels seen in this place.
 G = Mean time per level.
                   A        B        C        D        E       F      G
               +--------+--------+--------+--------+--------+-----+--------+
         Total |   2374 |   2329 |     45 |    436 |   1388 |   3 |  791.3 |
       Dungeon |   2374 |   2329 |     45 |    436 |   1388 |   3 |  791.3 |
               +--------+--------+--------+--------+--------+-----+--------+

Top non-repeatable levels by time:
     D:2: 1410 daAuts
     D:3: 525 daAuts
     D:1: 438 daAuts
